NCAA
KANSAS STATE WILDCATS @ OKLAHOMA SOONERS
04/29/2027
 
TOP OF THE 1ST
Kansas State Wildcats batting - Pitching for Oklahoma Sooners : RHP Edgardo Rodríguez
Pitching: RHP Edgardo Rodríguez
Batting: RHB Armando García 0-0: Ball
1-0: Called Strike
1-1: SINGLE (Line Drive, 78M)
Batting: SHB Andrés Zamora 0-0: Ball
1-0: Swinging Strike
1-1: Ball
2-1: Foul Ball, location: 2F
2-2: Strikes out looking
Batting: SHB Joaquín Mercado 0-0: Ball
1-0: Ball
2-0: Swinging Strike
2-1: Single, Error in OF, E9, batter to second base
Armando García to third
Batting: RHB Steve Johnson 0-0: Ball
1-0: Foul Ball, location: 2F
1-1: Foul Ball, location: 2F
1-2: Ball
2-2: Strikes out swinging
Batting: RHB José Valdés 0-0: Called Strike
0-1: Hit by Pitch
Batting: RHB Jeff Moore 0-0: Ball
1-0: Ball
2-0: Fly out, F8 (Line Drive, 8RM)
Top of the 1st over - 0 run(s), 2 hit(s), 1 error(s), 3 left on base; Kansas State 0 - Oklahoma 0
BOTTOM OF THE 1ST
Oklahoma Sooners batting - Pitching for Kansas State Wildcats : RHP Lou Hawkins
Pitching: RHP Lou Hawkins
Batting: LHB Tristan Sims 0-0: Ball
1-0: Called Strike
1-1: Ball
2-1: Foul Ball, location: 2F
2-2: Strikes out swinging
Batting: SHB Allen King 0-0: Called Strike
0-1: Hit by Pitch
Batting: RHB Rafael Barajas 0-0: Ball
1-0: Ball
2-0: Called Strike
2-1: Ball
3-1: Foul Ball, location: 2F
3-2: Grounds into double play, 5-4-3 (Groundball, 5)
Bottom of the 1st over - 0 run(s), 0 hit(s), 0 error(s), 0 left on base; Kansas State 0 - Oklahoma 0
TOP OF THE 2ND
Kansas State Wildcats batting - Pitching for Oklahoma Sooners : RHP Edgardo Rodríguez
Batting: RHB Roy Powell 0-0: Ball
1-0: Ball
2-0: Called Strike
2-1: SOLO HOME RUN (Line Drive, 78XD), Distance : 374 ft
Batting: SHB Edison Harvey 0-0: Ball
1-0: Called Strike
1-1: Ball
2-1: Ball
3-1: Called Strike
3-2: Strikes out swinging
Batting: RHB Vincent Abrams 0-0: Ball
1-0: Ball
2-0: Ground out 5-3 (Groundball, 5S)
Batting: RHB Armando García 0-0: Foul Ball, location: 2F
0-1: Foul Ball, location: 2F
0-2: Hit by Pitch
Batting: SHB Andrés Zamora 0-0: Ball
1-0: Called Strike
1-1: Swinging Strike
1-2: Strikes out looking
Top of the 2nd over - 1 run(s), 1 hit(s), 0 error(s), 1 left on base; Kansas State 1 - Oklahoma 0
BOTTOM OF THE 2ND
Oklahoma Sooners batting - Pitching for Kansas State Wildcats : RHP Lou Hawkins
Batting: RHB Albert Morán 0-0: Called Strike
0-1: Ball
1-1: Fly out, F8 (Flyball, 8LM)
Batting: SHB Pat Odom 0-0: Ball
1-0: Ball
2-0: Ball
3-0: Called Strike
3-1: Base on Balls
Batting: RHB Elliott Crouch 0-0: Grounds into double play, 1-6-3 (Groundball, 13)
Bottom of the 2nd over - 0 run(s), 0 hit(s), 0 error(s), 0 left on base; Kansas State 1 - Oklahoma 0
TOP OF THE 3RD
Kansas State Wildcats batting - Pitching for Oklahoma Sooners : RHP Edgardo Rodríguez
Batting: SHB Joaquín Mercado 0-0: Ball
1-0: Ball
2-0: Ball
3-0: Base on Balls
Batting: RHB Steve Johnson 0-0: Ball
Joaquín Mercado steals 2nd base
1-0: Called Strike
1-1: Called Strike
1-2: Strikes out swinging
Batting: RHB José Valdés 0-0: Ball
1-0: Ball
2-0: Foul Ball, location: 2F
2-1: Ball
3-1: Called Strike
3-2: Base on Balls
Batting: RHB Jeff Moore 0-0: Called Strike
0-1: Fly out, F9 (Flyball, 9)
Batting: RHB Roy Powell 0-0: Foul Ball, location: 2F
0-1: SINGLE (Groundball, 56D)
Joaquín Mercado to third
José Valdés to second
Runner from 3rd tries for Home, SAFE, no throw
Batting: SHB Edison Harvey 0-0: Ball
1-0: Ball
2-0: Called Strike
2-1: Ball
3-1: Base on Balls
José Valdés to third
Roy Powell to second
Batting: RHB Vincent Abrams 0-0: Foul Ball, location: 2F
0-1: SINGLE (Popup, 5S)
José Valdés scores
Roy Powell to third
Edison Harvey to second
Runner from 3rd tries for Home, SAFE, throw made home
Batting: RHB Armando García 0-0: Ball
1-0: Fielders Choice at 2nd, 6-4 (Groundball, 6)
Top of the 3rd over - 3 run(s), 2 hit(s), 0 error(s), 1 left on base; Kansas State 4 - Oklahoma 0
BOTTOM OF THE 3RD
Oklahoma Sooners batting - Pitching for Kansas State Wildcats : RHP Lou Hawkins
Batting: RHB Andrés Macíal 0-0: Called Strike
0-1: Swinging Strike
0-2: Ball
1-2: Ball
2-2: Ball
3-2: Base on Balls
Batting: RHB Sidney Boyd 0-0: Called Strike
0-1: Ball
1-1: Called Strike
1-2: Strikes out swinging
Batting: SHB José Rojas 0-0: Fly out, F8 (Flyball, 89M)
Batting: LHB Tristan Sims 0-0: Ball
1-0: Called Strike
1-1: Foul Ball, location: 2F
1-2: Ball
2-2: Ball
Andrés Macíal is caught stealing 2nd base
Bottom of the 3rd over - 0 run(s), 0 hit(s), 0 error(s), 0 left on base; Kansas State 4 - Oklahoma 0
TOP OF THE 4TH
Kansas State Wildcats batting - Pitching for Oklahoma Sooners : RHP Edgardo Rodríguez
Batting: SHB Andrés Zamora 0-0: Ball
1-0: Foul Ball, location: 2F
1-1: Ball
2-1: Fly out, F9 (Flyball, 89S)
Batting: SHB Joaquín Mercado 0-0: Ball
1-0: Ball
2-0: Ball
3-0: Base on Balls
Batting: RHB Steve Johnson 0-0: Called Strike
0-1: Ball
1-1: 2-RUN HOME RUN (Flyball, 7D), Distance : 347 ft
Pitching: RHP Casey Henry
Batting: RHB José Valdés 0-0: Ball
1-0: Foul Ball, location: 2F
1-1: Ball
2-1: Foul Ball, location: 2F
2-2: Ground out 5-3 (Groundball, 5S)
Batting: RHB Jeff Moore 0-0: Fly out, F7 (Flyball, 7LS)
Top of the 4th over - 2 run(s), 1 hit(s), 0 error(s), 0 left on base; Kansas State 6 - Oklahoma 0
BOTTOM OF THE 4TH
Oklahoma Sooners batting - Pitching for Kansas State Wildcats : RHP Lou Hawkins
Batting: LHB Tristan Sims 0-0: Ground out 2-3 (Groundball, 2L)
Batting: SHB Allen King 0-0: Ball
1-0: Ground out 6-3 (Groundball, 6)
Batting: RHB Rafael Barajas 0-0: Ball
1-0: Ball
2-0: Ball
3-0: Base on Balls
Batting: RHB Albert Morán 0-0: Called Strike
0-1: Ball
1-1: Called Strike
1-2: Ball
2-2: Foul Ball, location: 2F
2-2: Strikes out swinging
Bottom of the 4th over - 0 run(s), 0 hit(s), 0 error(s), 1 left on base; Kansas State 6 - Oklahoma 0
TOP OF THE 5TH
Kansas State Wildcats batting - Pitching for Oklahoma Sooners : RHP Casey Henry
Batting: RHB Roy Powell 0-0: Ground out 5-3 (Groundball, 56S)
Batting: SHB Edison Harvey 0-0: Ball
1-0: Ball
2-0: Ball
3-0: Base on Balls
Batting: RHB Vincent Abrams 0-0: Called Strike
0-1: Ball
1-1: Foul Ball, location: 2F
1-2: Ball
2-2: Strikes out swinging
Edison Harvey steals 2nd base
Batter strikes out.
Batting: RHB Armando García 0-0: Called Strike
0-1: Ball
1-1: Called Strike
1-2: Strikes out swinging
Top of the 5th over - 0 run(s), 0 hit(s), 0 error(s), 1 left on base; Kansas State 6 - Oklahoma 0
BOTTOM OF THE 5TH
Oklahoma Sooners batting - Pitching for Kansas State Wildcats : RHP Lou Hawkins
Batting: SHB Pat Odom 0-0: Foul Ball, location: 2F
0-1: Ball
1-1: SINGLE (Groundball, 34S) (infield hit)
Batting: RHB Elliott Crouch 0-0: Foul Ball, location: 2F
0-1: Called Strike
0-2: Ball
1-2: Strikes out swinging
Batting: RHB Andrés Macíal 0-0: Ball
1-0: Ball
2-0: Ball
3-0: Foul Ball, location: 2F
3-1: Base on Balls
Pat Odom to second
Batting: RHB Sidney Boyd 0-0: Called Strike
0-1: Ball
1-1: Foul Ball, location: 2F
1-2: Foul Ball, location: 2F
1-2: Foul Ball, location: 2F
1-2: Foul Ball, location: 2F
1-2: Foul Ball, location: 2F
1-2: Fielders Choice at 2nd, 6-4 (Groundball, 56)
Pat Odom to third
Batting: SHB José Rojas 0-0: TRIPLE (Line Drive, 9LM)
Pat Odom scores
Sidney Boyd scores
Batting: LHB Tristan Sims 0-0: Ground out U3 (Groundball, 34)
Bottom of the 5th over - 2 run(s), 2 hit(s), 0 error(s), 1 left on base; Kansas State 6 - Oklahoma 2
TOP OF THE 6TH
Kansas State Wildcats batting - Pitching for Oklahoma Sooners : RHP Casey Henry
Batting: SHB Andrés Zamora 0-0: Called Strike
0-1: Ball
1-1: Foul Ball, location: 2F
1-2: Ball
2-2: Foul Ball, location: 2F
2-2: Ball
3-2: Foul Ball, location: 2F
3-2: Base on Balls
Batting: SHB Joaquín Mercado 0-0: Ball
1-0: Called Strike
1-1: Ball
2-1: Ball
3-1: Foul Ball, location: 2F
3-2: Strikes out swinging
Batting: RHB Steve Johnson 0-0: Called Strike
0-1: Ball
1-1: SINGLE (Flyball, 9S)
Andrés Zamora to second
Runner from 2nd tries for 3rd, SAFE, no throw
Batting: RHB José Valdés 0-0: Swinging Strike
0-1: Foul Ball, location: 2F
0-2: Foul Ball, location: 2F
0-2: Foul Ball, location: 2F
0-2: Foul Ball, location: 2F
0-2: Fly out, F9 (Flyball, 9)
Runner from 3rd tags up, SCORES, throw made
Batting: RHB Jeff Moore 0-0: Ball
1-0: Ball
2-0: Fielders Choice at 2nd, 5-4 (Groundball, 56)
Top of the 6th over - 1 run(s), 1 hit(s), 0 error(s), 0 left on base; Kansas State 7 - Oklahoma 2
BOTTOM OF THE 6TH
Oklahoma Sooners batting - Pitching for Kansas State Wildcats : RHP Lou Hawkins
Batting: SHB Allen King 0-0: Ball
1-0: Foul Ball, location: 2F
1-1: Foul Ball, location: 2F
1-2: Strikes out swinging
Batting: RHB Rafael Barajas 0-0: Ball
1-0: Called Strike
1-1: Foul Ball, location: 2F
1-2: Ground out 4-3 (Groundball, 34D)
Batting: RHB Albert Morán 0-0: Ball
1-0: Called Strike
1-1: Swinging Strike
1-2: SINGLE (Groundball, 3D)
Pitching: LHP Larry McGraw
Batting: SHB Pat Odom 0-0: Ball
1-0: Called Strike
1-1: Foul Ball, location: 2F
1-2: SINGLE (Flyball, 78S)
Albert Morán to second
Batting: RHB Elliott Crouch 0-0: Swinging Strike
0-1: Ball
1-1: Ball
2-1: Foul Ball, location: 2F
2-2: Foul Ball, location: 2F
2-2: Ball
3-2: Base on Balls
Albert Morán to third
Pat Odom to second
Batting: RHB Andrés Macíal 0-0: Ball
1-0: Ball
2-0: Ball
3-0: Base on Balls
Albert Morán scores
Pat Odom to third
Elliott Crouch to second
Batting: RHB Sidney Boyd 0-0: Ball
1-0: Foul Ball, location: 2F
1-1: Foul Ball, location: 2F
1-2: Strikes out swinging
Bottom of the 6th over - 1 run(s), 2 hit(s), 0 error(s), 3 left on base; Kansas State 7 - Oklahoma 3
TOP OF THE 7TH
Kansas State Wildcats batting - Pitching for Oklahoma Sooners : RHP Casey Henry
Batting: RHB Roy Powell 0-0: Ball
1-0: Foul Ball, location: 2F
1-1: Foul Ball, location: 2F
1-2: Strikes out swinging
Batting: SHB Edison Harvey 0-0: Ball
1-0: Ball
2-0: Ball
3-0: Called Strike
3-1: Base on Balls
Pitching: RHP Neil Adams
Batting: RHB Vincent Abrams 0-0: Called Strike
0-1: Ball
1-1: Called Strike
1-2: Foul Ball, location: 2F
1-2: Ball
2-2: Foul Ball, location: 2F
2-2: Foul Ball, location: 2F
2-2: Ball
3-2: Ground out 5-3 (Groundball, 5L)
Edison Harvey to second
Batting: RHB Armando García 0-0: Ball
1-0: Called Strike
1-1: Called Strike
1-2: Ball
2-2: Strikes out swinging
Top of the 7th over - 0 run(s), 0 hit(s), 0 error(s), 1 left on base; Kansas State 7 - Oklahoma 3
BOTTOM OF THE 7TH
Oklahoma Sooners batting - Pitching for Kansas State Wildcats : LHP Larry McGraw
Batting: SHB José Rojas 0-0: Ball
1-0: Foul Ball, location: 2F
1-1: Ball
2-1: Ground out 5-3 (Groundball, 56S)
Batting: LHB Tristan Sims 0-0: Ball
1-0: Ground out U3 (Groundball, 3)
Batting: SHB Allen King 0-0: Ball
1-0: Ball
2-0: Ball
3-0: Base on Balls
Batting: RHB Rafael Barajas 0-0: Swinging Strike
0-1: Swinging Strike
0-2: Foul Ball, location: 2F
0-2: Ball
1-2: Ball
2-2: Foul Ball, location: 2F
2-2: Fielders Choice at 2nd, 6-4 (Groundball, 6)
Bottom of the 7th over - 0 run(s), 0 hit(s), 0 error(s), 0 left on base; Kansas State 7 - Oklahoma 3
TOP OF THE 8TH
Kansas State Wildcats batting - Pitching for Oklahoma Sooners : RHP Neil Adams
Batting: SHB Andrés Zamora 0-0: Fly out, F8 (Line Drive, 8RD)
Now in CF: Larry Wright
Batting: SHB Joaquín Mercado 0-0: DOUBLE (Groundball, 5L)
Batting: RHB Steve Johnson 0-0: Called Strike
0-1: Fly out, F2 (Popup, 3S)
Batting: RHB José Valdés 0-0: Foul Ball, location: 2F
0-1: Ball
Wild Pitch!
Joaquín Mercado to third
1-1: Ball
2-1: Called Strike
2-2: Strikes out swinging
Top of the 8th over - 0 run(s), 1 hit(s), 0 error(s), 1 left on base; Kansas State 7 - Oklahoma 3
BOTTOM OF THE 8TH
Oklahoma Sooners batting - Pitching for Kansas State Wildcats : LHP Larry McGraw
Batting: RHB Albert Morán 0-0: Called Strike
0-1: Swinging Strike
0-2: Ball
1-2: Foul Ball, location: 2F
1-2: Strikes out looking
Batting: LHB Larry Wright 0-0: Swinging Strike
0-1: Swinging Strike
0-2: Ball
1-2: Ground out 3-1 (Groundball, 3S)
Batting: RHB Elliott Crouch 0-0: SINGLE (Groundball, 56D)
Batting: RHB Andrés Macíal 0-0: Ball
1-0: Ground out U3 (Groundball, 34)
Bottom of the 8th over - 0 run(s), 1 hit(s), 0 error(s), 1 left on base; Kansas State 7 - Oklahoma 3
TOP OF THE 9TH
Kansas State Wildcats batting - Pitching for Oklahoma Sooners : RHP Neil Adams
Batting: RHB Jeff Moore 0-0: Called Strike
0-1: Ball
1-1: SINGLE (Groundball, 34) (infield hit)
Batting: RHB Roy Powell 0-0: Called Strike
0-1: Fly out, F9 (Flyball, 9S)
Batting: SHB Edison Harvey 0-0: Foul Ball, location: 2F
0-1: SINGLE (Groundball, 34D)
Jeff Moore to second
Batting: RHB Vincent Abrams 0-0: Called Strike
0-1: Foul Ball, location: 2F
0-2: Ball
1-2: Ball
2-2: Ball
3-2: Grounds into double play, 4-6-3 (Groundball, 4)
Top of the 9th over - 0 run(s), 2 hit(s), 0 error(s), 1 left on base; Kansas State 7 - Oklahoma 3
BOTTOM OF THE 9TH
Oklahoma Sooners batting - Pitching for Kansas State Wildcats : LHP Larry McGraw
Batting: RHB Sidney Boyd 0-0: Called Strike
0-1: Foul Ball, location: 2F
0-2: Foul Ball, location: 2F
0-2: Ball
1-2: Ball
2-2: Foul Ball, location: 2F
2-2: Foul Ball, location: 2F
2-2: Strikes out swinging
Pitching: RHP Darrel McAllister
Batting: SHB José Rojas 0-0: Called Strike
0-1: Foul Ball, location: 2F
0-2: Ball
1-2: Ball
2-2: Strikes out swinging
Batting: LHB Tristan Sims 0-0: Ground out 4-3 (Groundball, 4)
Bottom of the 9th over - 0 run(s), 0 hit(s), 0 error(s), 0 left on base; Kansas State 7 - Oklahoma 3
Thursday, March 30th, 2017 - OOTP Baseball 17.12 Build 75